[Event "2026 Biel Blitz Open"]
[Site "Biel, CH"]
[Date "2026.07.19"]
[Round "8"]
[White "Chantrell, Paul"]
[Black "Altenburger, Rene"]
[Result "1-0"]
[Board "48"]
[TimeControl "180+2"]
[WhiteFideId "451967"]
[BlackFideId "1305581"]
[WhiteElo "1749"]
[BlackElo "1990"]
[WhiteClock "0:00:58"]
[BlackClock "0:00:13"]
[Variant "Standard"]
[EndDate "2026.07.19"]
[EndTime "14:22:59"]

1. e4 e5 2. Nf3 Nf6 3. Nxe5 d6 4. Nf3 Nxe4 5. Nc3 Nf6 6. d4 d5 7. Bd3 Be7 8. h3 c6 9. O-O O-O 10. Ne2 Nbd7 11. Ng3 Re8 12. Re1 Nf8 13. c3 h6 14. Bd2 Bd6 15. Qc2 Bxg3 16. fxg3 Rxe1+ 17. Rxe1 Be6 18. Kh2 Qd7 19. Ne5 Qc7 20. Bf4 Qb6 21. b3 Rd8 22. Bf5 c5 23. Be3 Bxf5 24. Qxf5 cxd4 25. Bxd4 Qa6 26. Be3 Qe6 27. Qf4 Ne4 28. Bd4 Ng6 29. Nxg6 Qxg6 30. Re3 b6 31. Qe5 Qxg3+ 1-0

[Event "2026 Biel Blitz Open"]
[Site "Biel, CH"]
[Date "2026.07.19"]
[Round "8"]
[White "Ragios, Konstantinos"]
[Black "Knuesel, Jolan"]
[Result "1-0"]
[Board "49"]
[TimeControl "180+2"]
[WhiteFideId "4210484"]
[BlackFideId "1364529"]
[WhiteElo "1957"]
[BlackElo "1728"]
[WhiteClock "0:00:22"]
[BlackClock "0:00:14"]
[Variant "Standard"]
[EndDate "2026.07.19"]
[EndTime "14:24:27"]

1. e4 c6 2. Nf3 d5 3. Nc3 Bg4 4. h3 Bh5 5. exd5 cxd5 6. g4 Bg6 7. Bb5+ Nc6 8. Ne5 Qb6 9. d4 e6 10. h4 h6 11. Nxg6 fxg6 12. Qd3 Nge7 13. Bf4 O-O-O 14. Bxc6 Nxc6 15. O-O-O Bb4 16. Qxg6 Nxd4 17. Be3 Bxc3 18. bxc3 Ne2+ 19. Kd2 Qb2 20. Kxe2 Qxc2+ 21. Qxc2 1-0

[Event "2026 Biel Blitz Open"]
[Site "Biel, CH"]
[Date "2026.07.19"]
[Round "8"]
[White "Waelti, Thomas"]
[Black "Mousseau, Leo"]
[Result "0-1"]
[Board "50"]
[TimeControl "180+2"]
[WhiteFideId "1303996"]
[BlackFideId "34666931"]
[WhiteElo "1940"]
[BlackElo "1714"]
[WhiteClock "0:00:08"]
[BlackClock "0:00:45"]
[Variant "Standard"]
[EndDate "2026.07.19"]
[EndTime "14:23:18"]

1. e4 c6 2. d4 d5 3. Nc3 dxe4 4. Nxe4 Nf6 5. Ng3 Bg4 6. Be2 Bxe2 7. N1xe2 Nbd7 8. O-O e6 9. c4 Bd6 10. h3 O-O 11. Be3 c5 12. Qc2 cxd4 13. Nxd4 a6 14. Rad1 Qc7 15. Nge2 Rac8 16. b3 Rfd8 17. Nf3 Ne5 18. Nxe5 Bxe5 19. Rxd8+ Rxd8 20. a4 Qd6 21. c5 Qd3 22. Qxd3 Rxd3 23. Rc1 Bb2 24. Rb1 Ba3 25. g3 Ne4 26. b4 Nd2 27. b5 Nxb1 28. c6 bxc6 29. b6 Nc3 30. Nxc3 Rxc3 31. a5 Rb3 32. Bc1 0-1

[Event "2026 Biel Blitz Open"]
[Site "Biel, CH"]
[Date "2026.07.19"]
[Round "8"]
[White "Delion, Helge"]
[Black "Wilhelm, Marco"]
[Result "1-0"]
[Board "51"]
[TimeControl "180+2"]
[WhiteFideId "12914568"]
[BlackFideId "1347039"]
[WhiteElo "1911"]
[BlackElo "1684"]
[WhiteClock "0:00:13"]
[BlackClock "0:00:05"]
[Variant "Standard"]
[EndDate "2026.07.19"]
[EndTime "14:27:41"]

1. e4 d5 2. exd5 Qxd5 3. Nc3 Qd6 4. d4 c6 5. Bc4 Nf6 6. Nge2 Bg4 7. f3 Bh5 8. Bf4 Qd8 9. Qd2 e6 10. O-O-O Be7 11. g4 Bg6 12. h4 h6 13. h5 Bh7 14. g5 hxg5 15. Bxg5 Nd5 16. Bxe7 Qxe7 17. h6 gxh6 18. Rxh6 Nf6 19. Rdh1 Nbd7 20. Ne4 O-O-O 21. Qf4 Nxe4 22. fxe4 Nf8 23. Rf6 Rd7 24. c3 Ng6 25. Qf2 Nf8 26. Ng3 Rg8 27. Rh4 Bg6 28. Rg4 Nh7 29. Rff4 Nf6 30. Rxf6 Rh8 31. Qf4 Rh2 32. Bb3 c5 33. d5 e5 34. Qf1 Rh8 35. Rfxg6 fxg6 36. Rxg6 Rf8 37. Qh3 Qh7 38. Qxh7 Rxh7 39. Nf5 Rh1+ 40. Kd2 Rh2+ 41. Kd3 Rxb2 42. Nd6+ Kc7 43. Nc4 Rbf2 44. Nxe5 R2f6 45. Rxf6 Rxf6 46. Kc4 b6 47. Ba4 Rf3 48. Nd3 a6 49. Bc6 b5+ 50. Kxc5 Rxd3 51. c4 bxc4 52. Kxc4 Rd1 53. e5 Re1 54. Kd4 Rd1+ 55. Kc5 Rc1+ 56. Kd4 Rd1+ 57. Ke4 Re1+ 58. Kf5 Rc1 59. Ke6 Kd8 60. a4 a5 61. Kd6 Rc4 62. e6 Rxa4 63. Bxa4 Kc8 64. e7 Kb7 65. e8=Q Kb6 66. Qc6+ Ka7 67. Bb5 Kb8 68. Qb6+ Kc8 69. Bd7# 1-0

[Event "2026 Biel Blitz Open"]
[Site "Biel, CH"]
[Date "2026.07.19"]
[Round "8"]
[White "Vedant Nayudu"]
[Black "Heitmann, Erik"]
[Result "1-0"]
[Board "52"]
[TimeControl "180+2"]
[WhiteFideId "33369780"]
[BlackFideId "34608940"]
[WhiteElo "1732"]
[BlackElo "1885"]
[WhiteClock "0:00:19"]
[BlackClock "0:00:04"]
[Variant "Standard"]
[EndDate "2026.07.19"]
[EndTime "14:23:39"]

1. e4 c5 2. c3 d6 3. d4 Nf6 4. Bd3 Qc7 5. Nf3 Bg4 6. O-O e6 7. h3 Bh5 8. Bf4 Be7 9. Nbd2 Nbd7 10. Re1 Qb6 11. Qb3 Qxb3 12. axb3 cxd4 13. cxd4 a6 14. Rec1 Kd8 15. Be3 d5 16. e5 Ne8 17. Bg5 h6 18. Bxe7+ Kxe7 19. g4 Bg6 20. Bxg6 fxg6 21. Nh4 Kf7 22. Rc3 g5 23. Rf3+ Kg8 24. Ng6 Rh7 25. Rc1 h5 26. Ne7+ Kh8 27. Kg2 hxg4 28. hxg4 Rh4 29. Kg3 Rh6 30. Rf7 Nb6 31. Rf8+ Kh7 32. Nf3 1-0

[Event "2026 Biel Blitz Open"]
[Site "Biel, CH"]
[Date "2026.07.19"]
[Round "8"]
[White "Materia, Mario"]
[Black "Hirt, Markus"]
[Result "0-1"]
[Board "53"]
[TimeControl "180+2"]
[WhiteFideId "651082241"]
[BlackFideId "1302582"]
[WhiteElo "1723"]
[BlackElo "1880"]
[WhiteClock "0:00:07"]
[BlackClock "0:00:07"]
[Variant "Standard"]
[EndDate "2026.07.19"]
[EndTime "14:21:50"]

1. d4 e6 2. Nf3 Nf6 3. c4 d5 4. Bg5 Be7 5. e3 O-O 6. Nc3 c6 7. Qc2 Nbd7 8. Rd1 h6 9. Bf4 dxc4 10. Bxc4 b5 11. Be2 Bb7 12. O-O a6 13. h3 Qb6 14. Rfe1 c5 15. dxc5 Nxc5 16. Nd4 Rac8 17. Qb1 Nce4 18. Nxe4 Bxe4 19. Bd3 Bxd3 20. Qxd3 Rfd8 21. Qb3 Rc4 22. Rc1 Rdc8 23. Rxc4 Rxc4 24. Rd1 Qc5 25. Nf3 Rc1 26. Rxc1 Qxc1+ 27. Kh2 Qc5 28. Qd3 Nd5 29. Be5 Bd6 30. Qd4 Qxd4 31. exd4 Bxe5+ 32. dxe5 Nb4 33. a3 Nd3 34. b4 Nxf2 35. Nd4 Nd3 36. Nc6 Kf8 37. Nb8 Nxe5 38. Nxa6 Nc4 39. Kg3 Nxa3 40. Kf3 Ke7 41. Nc5 Kd6 42. Ke4 Nc2 43. Nb7+ Kc7 44. Nc5 Nxb4 45. Kd4 Nd5 46. g4 b4 47. Ne4 Kc6 48. Kc4 f5 49. gxf5 exf5 50. Ng3 g6 51. h4 f4 52. Ne4 f3 53. Kd4 b3 54. Kd3 Nf4+ 55. Kc3 Nh3 56. Kxb3 f2 57. Nd2 Kd5 58. Kc3 Ke5 59. Kd3 Kf4 60. Ke2 Kg3 61. Ne4+ Kg2 62. Nd2 Nf4+ 63. Ke3 Nh3 64. Ke2 Kg3 65. Ne4+ Kg2 66. Nd2 g5 67. hxg5 hxg5 68. Ke3 f1=Q 69. Nxf1 Kxf1 70. Kf3 Nf4 71. Kg4 Ne6 72. Kf5 Kf2 73. Kxe6 g4 74. Kf5 g3 75. Kf6 0-1

[Event "2026 Biel Blitz Open"]
[Site "Biel, CH"]
[Date "2026.07.19"]
[Round "9"]
[White "Bu, Xiangzhi"]
[Black "Shukhman, Anna"]
[Result "1-0"]
[Board "1"]
[TimeControl "180+2"]
[WhiteFideId "8601445"]
[BlackFideId "54180058"]
[WhiteElo "2719"]
[BlackElo "2392"]
[WhiteTitle "GM"]
[BlackTitle "WGM"]
[WhiteClock "0:00:09"]
[BlackClock "0:00:05"]
[Variant "Standard"]
[EndDate "2026.07.19"]
[EndTime "14:38:32"]

1. Nf3 d5 2. d4 Nf6 3. c4 e6 4. Nc3 Nbd7 5. Bg5 Bb4 6. cxd5 exd5 7. e3 h6 8. Bxf6 Qxf6 9. Qb3 Bxc3+ 10. Qxc3 c6 11. Bd3 O-O 12. O-O Qd6 13. b4 Nf6 14. Rfc1 Bg4 15. Ne5 Be6 16. Qc5 Qxc5 17. dxc5 d4 18. e4 Nd7 19. Nf3 Rfd8 20. h3 f6 21. Nd2 Ne5 22. Bf1 g5 23. g3 a5 24. f4 Nd7 25. a3 gxf4 26. gxf4 Kf8 27. Nf3 Bf7 28. Kf2 b6 29. cxb6 axb4 30. axb4 Rxa1 31. Rxa1 Nxb6 32. Ra6 Nd7 33. Rxc6 Rb8 34. b5 Be8 35. Nxd4 Ra8 36. Bc4 Ra4 37. Rc7 Ke7 38. b6 Kd8 39. Nc6# 1-0

[Event "2026 Biel Blitz Open"]
[Site "Biel, CH"]
[Date "2026.07.19"]
[Round "9"]
[White "Arjun Kalyan"]
[Black "Aronyak Ghosh"]
[Result "1/2-1/2"]
[Board "2"]
[TimeControl "180+2"]
[WhiteFideId "35018701"]
[BlackFideId "25072846"]
[WhiteElo "2451"]
[BlackElo "2488"]
[WhiteTitle "GM"]
[BlackTitle "IM"]
[WhiteClock "0:00:42"]
[BlackClock "0:00:23"]
[Variant "Standard"]
[EndDate "2026.07.19"]
[EndTime "14:41:15"]

1. e4 c6 2. d4 d5 3. Nd2 dxe4 4. Nxe4 Bf5 5. Ng3 Bg6 6. h4 h6 7. Nf3 e6 8. Ne5 Bh7 9. Bf4 Nf6 10. Bc4 Nd5 11. Bd2 Nd7 12. Nxd7 Qxd7 13. Bb3 a5 14. a4 Nf6 15. Bf4 Bd6 16. Be5 Bxe5 17. dxe5 Qxd1+ 18. Rxd1 Nd7 19. f4 Ke7 20. Ke2 Nc5 21. Rd2 Rhd8 22. Rhd1 Rxd2+ 23. Rxd2 b5 24. axb5 cxb5 25. Ba2 Bg6 26. Ke3 Na4 27. c3 Rd8 28. Ne2 Rxd2 29. Kxd2 Nxb2 30. Nd4 b4 31. cxb4 axb4 32. Nc6+ Kd7 33. Nxb4 Na4 1/2-1/2

[Event "2026 Biel Blitz Open"]
[Site "Biel, CH"]
[Date "2026.07.19"]
[Round "9"]
[White "Ghosh, Diptayan"]
[Black "Elmi, Saad Abobaker"]
[Result "1-0"]
[Board "3"]
[TimeControl "180+2"]
[WhiteFideId "5045207"]
[BlackFideId "1553259"]
[WhiteElo "2530"]
[BlackElo "2409"]
[WhiteTitle "GM"]
[BlackTitle "IM"]
[WhiteClock "0:00:35"]
[BlackClock "0:00:19"]
[Variant "Standard"]
[EndDate "2026.07.19"]
[EndTime "14:37:35"]

1. c4 e6 2. Nc3 Nf6 3. e4 c5 4. e5 Ng8 5. d4 cxd4 6. Qxd4 Nc6 7. Qf4 d6 8. Nf3 Nge7 9. exd6 Ng6 10. Qe4 Bxd6 11. Bd2 O-O 12. O-O-O a6 13. h4 f5 14. Qe1 Qc7 15. Kb1 Bd7 16. h5 Nge5 17. Bf4 Nxf3 18. Bxd6 Qxd6 19. Rxd6 Nxe1 20. Rxd7 Rad8 21. Rxb7 Rd2 22. Be2 Nxg2 23. Rg1 Na5 24. Rc7 Rb8 25. Rxg2 Rbxb2+ 26. Ka1 g6 27. hxg6 h6 28. g7 Rb8 29. Bh5 1-0

[Event "2026 Biel Blitz Open"]
[Site "Biel, CH"]
[Date "2026.07.19"]
[Round "9"]
[White "Ling, Chenxuan"]
[Black "Kozak, Adam"]
[Result "0-1"]
[Board "4"]
[TimeControl "180+2"]
[WhiteFideId "30983118"]
[BlackFideId "753246"]
[WhiteElo "2235"]
[BlackElo "2537"]
[WhiteTitle "CM"]
[BlackTitle "GM"]
[WhiteClock "0:00:09"]
[BlackClock "0:00:06"]
[Variant "Standard"]
[EndDate "2026.07.19"]
[EndTime "14:41:33"]

1. d4 Nf6 2. c4 e6 3. Nc3 d5 4. cxd5 exd5 5. Bg5 c6 6. e3 Bf5 7. Qf3 Bg6 8. Bxf6 Qxf6 9. Qxf6 gxf6 10. h4 h6 11. Kd2 Nd7 12. Bd3 Bd6 13. Nge2 Rg8 14. g3 Bxd3 15. Kxd3 f5 16. Rhg1 Nf6 17. f3 Kd7 18. Rae1 Rae8 19. a3 Rg6 20. Rg2 Reg8 21. Reg1 a5 22. Nd1 Nh5 23. g4 fxg4 24. fxg4 Be7 25. Nf2 Bxh4 26. Rh1 Bxf2 27. Rxf2 Nf6 28. Rhf1 Ke7 29. Nf4 Rxg4 30. Ne2 R4g6 31. Nf4 R6g7 32. Rh1 Ne4 33. Rc2 Rh7 34. Rh5 Rg5 35. Rh4 a4 36. Rch2 Rg1 37. Rxh6 Rxh6 38. Rxh6 Rd1+ 39. Kc2 Rd2+ 40. Kc1 Rf2 41. Rh7 Rf1+ 42. Kc2 Rg1 43. Nd3 Rg2+ 44. Kc1 Re2 45. Ne5 Nd6 46. Rh3 Nc4 47. Nxc4 dxc4 48. Rf3 b5 49. Rg3 Ke6 50. Rf3 f5 51. Rh3 Kd5 52. Rf3 Ke4 53. Rf4+ Kxe3 54. Rxf5 Kd3 55. Rf3+ Kxd4 56. Rf6 Kc5 57. Rf5+ Kb6 58. Rg5 Rf2 59. Kb1 Rf3 60. Kc2 Re3 61. Rf5 Rd3 62. Rg5 Rd5 63. Rg3 Kc5 64. Rf3 Re5 65. Kc3 Rg5 66. Rh3 Rd5 67. Kc2 Re5 68. Kc3 Kb6 69. Rg3 Re1 70. Kc2 Re6 71. Rh3 Rd6 72. Rg3 c5 73. Rg5 b4 74. Rg4 Kb5 75. Rg8 b3+ 76. Kc1 c3 77. bxc3 Kc4 78. Kb2 Rd2+ 79. Kc1 Ra2 0-1

[Event "2026 Biel Blitz Open"]
[Site "Biel, CH"]
[Date "2026.07.19"]
[Round "9"]
[White "Rappazzo, Johannes"]
[Black "Gloeckler, Christian"]
[Result "1-0"]
[Board "5"]
[TimeControl "180+2"]
[WhiteFideId "1340069"]
[BlackFideId "34608966"]
[WhiteElo "2032"]
[BlackElo "2513"]
[WhiteTitle "FM"]
[BlackTitle "IM"]
[WhiteClock "0:00:19"]
[BlackClock "0:00:09"]
[Variant "Standard"]
[EndDate "2026.07.19"]
[EndTime "14:39:47"]

1. e4 c5 2. Nf3 d6 3. d4 cxd4 4. Nxd4 Nf6 5. Nc3 a6 6. Bc4 e6 7. Be3 b5 8. Bb3 Be7 9. Qf3 Qc7 10. g4 b4 11. Nce2 Bb7 12. Nf4 Bxe4 13. Qh3 Nc6 14. Ndxe6 fxe6 15. Nxe6 Qb7 16. Nxg7+ Kd8 17. Ne6+ Kc8 18. g5 Nd7 19. Rg1 Nce5 20. O-O-O Kb8 21. f4 a5 22. fxe5 a4 23. exd6 axb3 24. dxe7 bxa2 25. Qg3+ Kc8 26. Kd2 Ra6 27. Nf8 Qd5+ 28. Ke1 Qxd1+ 29. Kxd1 a1=Q+ 30. Ke2 Rxf8 31. exf8=Q+ Nxf8 32. Rxa1 Rxa1 33. Qd6 Nd7 34. Qxb4 Bg6 35. Qc4+ Kd8 36. Bd4 Ra5 37. Bf6+ Nxf6 38. gxf6 Re5+ 39. Kf2 Rf5+ 40. Kg3 Rxf6 41. b4 Kd7 42. b5 Bf7 43. Qd4+ Rd6 44. Qa7+ Ke8 45. b6 Rg6+ 46. Kf2 Bd5 47. b7 Rg2+ 48. Ke3 Bxb7 49. Qxb7 Rxc2 50. Qxh7 Rc6 51. Qg8+ Ke7 52. Qg7+ Ke6 53. h4 Rc5 54. Qg6+ Ke7 55. h5 Re5+ 56. Kf4 Re6 57. Qg7+ Kd6 58. h6 Re1 59. h7 Rf1+ 60. Ke3 Re1+ 61. Kd2 Re7 62. Qxe7+ Kd5 1-0

[Event "2026 Biel Blitz Open"]
[Site "Biel, CH"]
[Date "2026.07.19"]
[Round "9"]
[White "Thorfinnsson, Bjorn"]
[Black "Cao, Qingfeng"]
[Result "1-0"]
[Board "6"]
[TimeControl "180+2"]
[WhiteFideId "2300982"]
[BlackFideId "8627568"]
[WhiteElo "2396"]
[BlackElo "2264"]
[WhiteTitle "IM"]
[BlackTitle "IM"]
[WhiteClock "0:01:12"]
[BlackClock "0:00:21"]
[Variant "Standard"]
[EndDate "2026.07.19"]
[EndTime "14:36:35"]

1. d4 Nf6 2. Nf3 e6 3. Bg5 d5 4. e3 Be7 5. Bd3 c5 6. c3 O-O 7. Nbd2 h6 8. h4 b6 9. Bxf6 Bxf6 10. g4 Ba6 11. Bxa6 Nxa6 12. g5 hxg5 13. hxg5 Bxg5 14. Qe2 Nc7 15. O-O-O Qf6 16. Rdg1 Bh6 17. Ne5 Kh7 18. Ng4 Qf5 19. Rh5 Qg6 20. Rgh1 Rh8 21. Nf3 f6 22. Nh4 Qf7 23. Nxh6 gxh6 24. Rxh6+ Kg7 25. Qg4+ 1-0

[Event "2026 Biel Blitz Open"]
[Site "Biel, CH"]
[Date "2026.07.19"]
[Round "9"]
[White "Mohammad Nubairshah Shaikh"]
[Black "Gautier, Anand"]
[Result "1-0"]
[Board "7"]
[TimeControl "180+2"]
[WhiteFideId "5053196"]
[BlackFideId "26010186"]
[WhiteElo "2316"]
[BlackElo "2198"]
[WhiteTitle "IM"]
[BlackTitle "FM"]
[WhiteClock "0:00:30"]
[BlackClock "0:00:04"]
[Variant "Standard"]
[EndDate "2026.07.19"]
[EndTime "14:38:48"]

1. Nf3 Nf6 2. g3 g6 3. b3 Bg7 4. Bb2 O-O 5. Bg2 c5 6. c4 d6 7. d4 d5 8. Nbd2 cxd4 9. O-O Nc6 10. Nxd4 Re8 11. cxd5 Nxd4 12. Bxd4 Nxd5 13. Bxg7 Kxg7 14. Nc4 Be6 15. Qd4+ Nf6 16. Qxd8 Rexd8 17. Bxb7 Rab8 18. Na5 Rd2 19. Bf3 Rb5 20. Nc6 a5 21. Rfd1 Rb2 22. a4 Rc5 23. Nd4 Bxb3 24. Nxb3 Rxb3 25. Rac1 Rxc1 26. Rxc1 Rb4 27. Bc6 Ng4 28. Rc5 Rb2 29. Bf3 h5 30. Rxa5 Kf6 31. Rb5 Ra2 32. a5 Ne5 33. Kg2 Nxf3 34. Kxf3 e6 35. h4 Ra3+ 36. Ke4 Ra2 37. Kd3 Ra3+ 38. Kc4 Ra2 39. Kd3 Ra3+ 40. Kd4 Ra2 41. Kc5 Rxe2 42. a6 Ra2 43. Kb6 e5 44. a7 Rxa7 45. Kxa7 Kf5 46. Rb4 e4 1-0

[Event "2026 Biel Blitz Open"]
[Site "Biel, CH"]
[Date "2026.07.19"]
[Round "9"]
[White "Dong, Hongfu"]
[Black "Savitha Shri B"]
[Result "0-1"]
[Board "8"]
[TimeControl "180+2"]
[WhiteFideId "8626960"]
[BlackFideId "35061887"]
[WhiteElo "2290"]
[BlackElo "2161"]
[BlackTitle "IM"]
[WhiteClock "0:00:12"]
[BlackClock "0:00:23"]
[Variant "Standard"]
[EndDate "2026.07.19"]
[EndTime "14:39:46"]

1. e4 c5 2. Nf3 e6 3. d4 cxd4 4. Nxd4 Nc6 5. Bf4 Nf6 6. Nb5 e5 7. Bg5 d6 8. Bxf6 gxf6 9. N5c3 Bg7 10. Nb5 Bf8 11. Nd2 a6 12. Nc3 Bg7 13. Nc4 Nd4 14. Ne2 Nxe2 15. Bxe2 Bf8 16. Ne3 Be6 17. Bg4 Qa5+ 18. c3 Qb5 19. Bxe6 fxe6 20. Qh5+ Ke7 21. O-O-O Rc8 22. f3 Qe8 23. Qh4 Qg6 24. Kb1 Qg5 25. Qf2 h5 26. Rd3 Bh6 27. Rhd1 Rhd8 28. g3 b5 29. Ng2 b4 30. f4 exf4 31. gxf4 Qc5 32. Qe2 bxc3 33. Rxc3 Qb5 34. Qxb5 axb5 35. Rg3 Rg8 36. Rdd3 h4 37. Nxh4 Bxf4 38. b3 Bxg3 39. hxg3 Rg4 40. Re3 Rcg8 41. Rc3 Rxg3 42. Rc7+ Kd8 43. Rb7 R8g4 0-1

[Event "2026 Biel Blitz Open"]
[Site "Biel, CH"]
[Date "2026.07.19"]
[Round "9"]
[White "Erne, Raphael"]
[Black "Safarli, Eltaj"]
[Result "0-1"]
[Board "9"]
[TimeControl "180+2"]
[WhiteFideId "1341928"]
[BlackFideId "13402129"]
[WhiteElo "2128"]
[BlackElo "2619"]
[BlackTitle "GM"]
[WhiteClock "0:00:03"]
[BlackClock "0:01:41"]
[Variant "Standard"]
[EndDate "2026.07.19"]
[EndTime "14:36:34"]

1. c4 Nf6 2. g3 e6 3. Bg2 d5 4. Nf3 Be7 5. d4 O-O 6. Qc2 dxc4 7. O-O a6 8. a4 Nc6 9. Qxc4 Na5 10. Qc2 b6 11. Nc3 Bb7 12. Bf4 c5 13. Rfd1 cxd4 14. Nxd4 Qc8 15. e4 Rd8 16. Rac1 Bc5 17. Nb3 Nxb3 18. Rxd8+ Qxd8 19. Qxb3 Ng4 20. Nd1 Rc8 21. h3 e5 22. Be3 Nxe3 23. Nxe3 g6 24. Rd1 Qe7 25. Nd5 Bxd5 26. Qxd5 Bd4 27. b3 Rc2 28. Rxd4 exd4 29. Qxd4 Qc5 30. Qd8+ Kg7 0-1

[Event "2026 Biel Blitz Open"]
[Site "Biel, CH"]
[Date "2026.07.19"]
[Round "9"]
[White "Filipovic, Branko"]
[Black "Alexakis, Dimitris"]
[Result "0-1"]
[Board "10"]
[TimeControl "180+2"]
[WhiteFideId "14507951"]
[BlackFideId "4277023"]
[WhiteElo "2109"]
[BlackElo "2459"]
[WhiteTitle "IM"]
[BlackTitle "GM"]
[WhiteClock "0:03:02"]
[BlackClock "0:00:35"]
[Variant "Standard"]
[EndDate "2026.07.19"]
[EndTime "14:38:04"]

1. d4 Nf6 2. Bf4 g6 3. Nf3 Bg7 4. e3 d6 5. h3 O-O 6. Be2 Nbd7 7. O-O e5 8. Bh2 Qe7 9. c4 e4 10. Nfd2 h5 11. Nc3 Re8 12. Qc2 Nf8 13. b4 N8h7 14. c5 Bf5 15. cxd6 cxd6 16. Nc4 Red8 17. Nb5 Ne8 18. Rac1 Ng5 19. Kh1 d5 20. Ne5 f6 21. g4 Rac8 22. Qb3 Rxc1 23. Rxc1 fxe5 24. gxf5 Nxh3 25. Kg2 Ng5 26. fxg6 Qe6 27. Kh1 a6 28. Nc3 exd4 29. exd4 Bxd4 30. Rd1 Bxc3 31. Qxc3 Nf6 32. Qc7 Rd7 33. Qf4 Nh3 34. Qh4 Ng4 35. Bg3 e3 36. Bxg4 hxg4 37. Kg2 0-1

[Event "2026 Biel Blitz Open"]
[Site "Biel, CH"]
[Date "2026.07.19"]
[Round "9"]
[White "Haimovich, Tal"]
[Black "Schweizer, Samuel"]
[Result "1-0"]
[Board "11"]
[TimeControl "180+2"]
[WhiteFideId "2801698"]
[BlackFideId "1325353"]
[WhiteElo "2347"]
[BlackElo "2006"]
[WhiteTitle "IM"]
[WhiteClock "0:00:19"]
[BlackClock "0:00:33"]
[Variant "Standard"]
[EndDate "2026.07.19"]
[EndTime "14:46:06"]

1. Nf3 a6 2. b3 Nf6 3. Bb2 b5 4. e3 Bb7 5. Be2 d6 6. d4 g6 7. O-O Bg7 8. c4 c6 9. Nbd2 O-O 10. e4 Ne8 11. Qc2 Nd7 12. Rfd1 Rc8 13. a4 b4 14. c5 dxc5 15. dxc5 Bxb2 16. Qxb2 Nxc5 17. a5 Qc7 18. e5 Ng7 19. Nc4 Rcd8 20. h3 Ne4 21. Re1 Nc3 22. Bf1 c5 23. Nh2 Ne6 24. Qc1 Kg7 25. Ng4 g5 26. Nge3 Nd4 27. Nc2 Nxc2 28. Qxc2 Rd4 29. Qf5 h6 30. Bd3 Rh8 31. e6 Rf4 32. Qe5+ Qxe5 33. Rxe5 Rd8 34. Bf1 Nd5 35. exf7 Rxf7 36. Rd1 Rff8 37. Rde1 Rf7 38. g3 Nc3 39. Rxe7 Rd7 40. Rxf7+ Rxf7 41. Nd6 Rd7 42. Nxb7 Rxb7 43. Bxa6 Ra7 44. Bc4 Rxa5 45. Re7+ Kg6 46. Re6+ Kg7 47. Rc6 h5 48. Kg2 Ne4 49. Rc7+ Kf6 50. Bd5 Nd6 51. Rh7 c4 52. Bxc4 Nxc4 53. bxc4 Rc5 54. Rxh5 Kg7 55. h4 b3 56. hxg5 Rxc4 57. Rh1 Kg6 58. Rb1 Rc3 59. f4 Kf5 60. Kh3 Rd3 61. Rb2 Rc3 62. g6 Kxg6 63. Kg4 Kf6 64. Kh4 Kf5 65. Kh3 Rd3 66. Re2 Rc3 67. Re5+ Kf6 68. Rb5 Rd3 69. Kg4 Ke6 70. Rb6+ Kd5 71. f5 Ke4 72. f6 Rf3 73. Kh4 Ke5 74. g4 Rxf6 75. Rxb3 Rf1 76. Kg5 Ke6 77. Kg6 Ke7 78. Kg7 Ke8 79. g5 Rf7+ 80. Kh6 Rf1 81. g6 Kf8 82. Rb8+ Ke7 83. Kg7 Rf4 84. Rb1 Ke8 85. Re1+ Kd7 86. Kg8 Rf6 87. g7 Kd8 88. Kh7 Rf7 89. Kg6 1-0

[Event "2026 Biel Blitz Open"]
[Site "Biel, CH"]
[Date "2026.07.19"]
[Round "9"]
[White "Clausen, Martin"]
[Black "Tureshbayev, Anuar"]
[Result "1/2-1/2"]
[Board "12"]
[TimeControl "180+2"]
[WhiteFideId "1314882"]
[BlackFideId "651081709"]
[WhiteElo "1956"]
[BlackElo "2328"]
[BlackTitle "FM"]
[WhiteClock "0:00:22"]
[BlackClock "0:00:11"]
[Variant "Standard"]
[EndDate "2026.07.19"]
[EndTime "14:39:50"]

1. e4 c5 2. a3 e5 3. Bc4 Nf6 4. d3 Nc6 5. Nc3 Be7 6. Nge2 d6 7. O-O Be6 8. Bxe6 fxe6 9. f4 O-O 10. fxe5 Nxe5 11. h3 d5 12. Nf4 d4 13. Nce2 Qd7 14. Ng3 Rac8 15. b3 b5 16. a4 c4 17. axb5 cxb3 18. cxb3 Bc5 19. Ba3 Bxa3 20. Rxa3 Rc3 21. Nge2 Rc5 22. Ra6 Re8 23. Ng3 Rxb5 24. Qa1 Rb7 25. Rc1 g5 26. Nfh5 Nxh5 27. Nxh5 Rf8 28. Rf1 Rxf1+ 29. Qxf1 Qf7 30. Qc1 Rc7 31. Qxg5+ Ng6 32. Nf6+ Kh8 33. e5 Rc1+ 34. Kh2 Rc8 35. Qg4 Nxe5 36. Qxe6 Qxe6 37. Rxe6 Nf7 38. Nh5 Ng5 39. Re7 h6 40. Rxa7 Rc3 41. Ra6 Rxd3 42. Rxh6+ Nh7 43. Nf6 Kg7 44. Rxh7+ Kxf6 45. Rd7 Ke5 46. h4 Rxb3 47. h5 Rb6 48. g4 Ke4 49. g5 d3 50. g6 Rb5 51. Re7+ Kf3 52. Rf7+ Ke2 53. Re7+ Kd1 54. g7 Rxh5+ 55. Kg3 Rg5+ 56. Kf4 Rg1 57. Rd7 Ke2 58. Kf5 d2 59. Kf6 Rf1+ 60. Kg6 Rg1+ 61. Kh7 Rh1+ 62. Kg6 Rg1+ 63. Kh7 Rxg7+ 64. Kxg7 d1=Q 65. Rxd1 Kxd1 1/2-1/2

[Event "2026 Biel Blitz Open"]
[Site "Biel, CH"]
[Date "2026.07.19"]
[Round "9"]
[White "Habibi, Ali"]
[Black "Kukushkin, Ivan"]
[Result "0-1"]
[Board "13"]
[TimeControl "180+2"]
[WhiteFideId "4604393"]
[BlackFideId "11634103"]
[WhiteElo "2116"]
[BlackElo "2265"]
[WhiteTitle "IM"]
[BlackTitle "FM"]
[WhiteClock "0:00:38"]
[BlackClock "0:00:30"]
[Variant "Standard"]
[EndDate "2026.07.19"]
[EndTime "14:42:09"]

1. Nf3 Nf6 2. g3 b6 3. Bg2 Bb7 4. O-O c5 5. d3 g6 6. e4 d6 7. Nc3 Bg7 8. Nd2 Qc8 9. a4 a6 10. Nc4 Nbd7 11. f4 h5 12. Qe2 Rb8 13. e5 dxe5 14. fxe5 Ng4 15. e6 Bd4+ 16. Be3 Ndf6 17. exf7+ Kxf7 18. Bxd4 cxd4 19. Nd5 Qd8 20. Ncxb6 Kg7 21. Nxf6 exf6 22. Nc4 Bxg2 23. Qxg2 h4 24. gxh4 Rxh4 25. h3 Ne3 26. Nxe3 dxe3 27. Qg3 Rh5 28. Kh2 Rxb2 29. Rac1 Rb8 0-1

[Event "2026 Biel Blitz Open"]
[Site "Biel, CH"]
[Date "2026.07.19"]
[Round "9"]
[White "Fogo Esquivel, Levi Kalani Alexander"]
[Black "Ashwath Kaushik"]
[Result "1-0"]
[Board "14"]
[TimeControl "180+2"]
[WhiteFideId "5183189"]
[BlackFideId "33387230"]
[WhiteElo "2219"]
[BlackElo "2122"]
[WhiteTitle "FM"]
[BlackTitle "FM"]
[WhiteClock "0:00:47"]
[BlackClock "0:00:33"]
[Variant "Standard"]
[EndDate "2026.07.19"]
[EndTime "14:38:31"]

1. e4 c5 2. Nf3 e6 3. b3 Nc6 4. Bb2 Nf6 5. Nc3 d5 6. exd5 exd5 7. d4 cxd4 8. Nxd4 Bb4 9. Qe2+ Qe7 10. Qxe7+ Kxe7 11. O-O-O Be6 12. Nxe6 fxe6 13. Bd3 Rad8 14. a3 Bc5 15. f3 Rhe8 16. Rhe1 Kf7 17. g4 h6 18. h4 Bf2 19. Rh1 Be3+ 20. Kb1 a6 21. Rde1 Bd2 22. Re2 Bxc3 23. Bxc3 d4 24. Bd2 Nd5 25. Kb2 e5 26. Rhe1 b5 27. f4 Nf6 28. fxe5 Nxg4 29. e6+ Kg8 30. Rg1 Nce5 31. Bf5 h5 32. Bf4 g6 33. Rxe5 gxf5 34. Rxf5 Rxe6 35. Rxh5 Rg6 36. Rg5 Kf7 37. Rxg6 1-0